 Dungeon Crawl Stone Soup version 0.29-a0-1027-gcd8c55af63 (webtiles) character file.

Game seed: 12845055599138603268

2930 wilfster70 the Prestidigitator (level 9, -17/41 (68) HPs)
             Began as a Gnoll Wanderer on Aug 12, 2022.
             Was a Believer of Ashenzari.
             Killed from afar by Maggie (21 damage)
             ... with a bolt of fire
             ... on level 7 of the Dungeon.
             The game lasted 00:21:22 (11316 turns).

wilfster70 the Prestidigitator (Gnoll Wanderer)    Turns: 11316, Time: 00:21:23

HP:   -17/41 (68)   AC: 15    Str: 10    XL:     9   Next: 79%
MP:   16/16         EV: 10    Int: 14    God:    Ashenzari [**....]
Gold: 463           SH:  0    Dex: 15    Spells: 17/17 levels left

rFire   . . .      SeeInvis +   a - +2 spear (venom)
rCold   . . .      Faith    .   (no shield)
rNeg    . . .      Spirit   .   c - +0 scale mail
rPois   .          Reflect  .   y - +0 helmet "Ruined Together" {Melee, Bglg} (curse)
rElec   .          Harm     .   j - +0 cloak
rCorr   +          Rampage  .   r - +2 pair of gloves of the Enigmatic Planets {Stlth+, Range, Melee} (curse)
Will    .....                   e - +0 pair of boots of Ashenzari's Ordeal {Fort, Evo} (curse)
Stlth   ++........              (no amulet)
HPRegen 0.13/turn               n - ring of wizardry
MPRegen 0.15/turn               z - ring of resist corrosion

@: mesmerised, very heavily drained
A: fangs 1, strong nose, distributed training
a: Renounce Religion, Shatter the Chains


You were on level 7 of the Dungeon.
You worshipped Ashenzari.
Ashenzari was pleased with you.
You visited 1 branch of the dungeon, and saw 7 of its levels.
You also visited: Ossuary.

You collected 463 gold pieces.

Inventory:

Hand Weapons
 a - a +2 spear of venom (weapon)
 b - a +0 morningstar
 B - a +0 sling
Missiles
 t - 2 silver javelins
Armour
 c - a +0 scale mail (worn)
 e - the cursed +0 pair of boots of Ashenzari's Ordeal (worn) {Fort, Evo}
   (You found it on level 1 of the Dungeon)

   It has a curse which improves the following skills: Fortitude: Armour and
   Shields.
   Evocations: Evocations.
 j - a +0 cloak (worn)
 r - the cursed +2 pair of gloves of the Enigmatic Planets (worn) {Stlth+, Range, Melee}
   (You found it on level 5 of the Dungeon)

   It has a curse which improves the following skills: Ranged Combat: Ranged
   Weapons and Throwing.
   Melee Combat: Short Blades, Long Blades, Axes, Maces & Flails, Polearms,
   Staves and Unarmed Combat.
 y - the cursed +0 helmet "Ruined Together" (worn) {Melee, Bglg}
   (You found it on level 5 of the Dungeon)

   It has a curse which improves the following skills: Melee Combat: Short
   Blades, Long Blades, Axes, Maces & Flails, Polearms, Staves and Unarmed
   Combat.
   Beguiling: Conjurations, Hexes and Translocations.
Magical Staves
 g - a staff of cold
Jewellery
 n - a ring of wizardry (left hand)
 z - a ring of resist corrosion (right hand)
Wands
 l - a wand of mindburst (5) (quivered)
 o - a wand of polymorph (3)
 p - a wand of digging (3)
Scrolls
 f - 6 scrolls of teleportation
 k - 3 scrolls of amnesia
 m - 2 scrolls of poison
 s - a scroll of enchant armour
Potions
 d - 3 potions of haste
 h - 5 potions of mutation
 i - 2 potions of resistance
 q - a potion of cancellation
 u - 3 potions of flight
 v - 2 potions of brilliance
 w - a potion of berserk rage
 x - 3 potions of might
 A - a potion of lignification


   Skills:
 + Level 5.5 Fighting
 + Level 6.7(8.6) Short Blades
 + Level 4.7(6.6) Long Blades
 + Level 4.7(6.6) Axes
 + Level 4.7(6.6) Maces & Flails
 + Level 4.7(6.6) Polearms
 + Level 4.7(6.6) Staves
 + Level 4.7(6.0) Ranged Weapons
 + Level 4.7(6.0) Throwing
 + Level 6.7(8.0) Armour
 + Level 5.5 Dodging
 + Level 4.7 Stealth
 + Level 4.7(6.0) Shields
 + Level 4.7(6.6) Unarmed Combat
 + Level 4.7 Spellcasting
 + Level 3.9(5.1) Conjurations
 + Level 3.9(5.1) Hexes
 + Level 3.9 Summonings
 + Level 3.9 Necromancy
 + Level 3.9(5.1) Translocations
 + Level 3.9 Transmutations
 + Level 3.9 Fire Magic
 + Level 3.9 Ice Magic
 + Level 3.9 Air Magic
 + Level 3.9 Earth Magic
 + Level 3.9 Poison Magic
 + Level 5.2 Invocations
 + Level 9.8(11.0) Evocations


You had 17 spell levels left.
You didn't know any spells.
Your spell library contained the following spells:

 Spells                   Type           Power      Damage    Failure   Level
 Summon Small Mammal      Summ           56%        N/A       8%          1
 Ensorcelled Hibernation  Hex/Ice        32%        N/A       9%          2
 Passwall                 Tmut/Erth      11%        N/A       11%         2
 Portal Projectile        Hex/Tloc       34%        N/A       13%         3
 Inner Flame              Hex/Fire       16%        N/A       16%         3
 Call Canine Familiar     Summ           14%        N/A       21%         3
 Spider Form              Tmut/Pois      14%        N/A       21%         3
 Swiftness                Air            14%        N/A       21%         3
 Cause Fear               Hex            8%         N/A       38%         4
 Anguish                  Hex/Necr       8%         N/A       45%         4
 Leda's Liquefaction      Hex/Erth       8%         N/A       45%         4
 Iskenderun's Battlesphe  Conj           17%        2d7       73%         5
 Fireball                 Conj/Fire      8%         3d6       80%         5
 Conjure Ball Lightning   Conj/Air       8%         3x3d6     100%        6
 Orb of Destruction       Conj           8%         9d6       100%        7
 Discord                  Hex            8%         N/A       100%        8


Dungeon Overview and Level Annotations

Branches:
Dungeon (7/15)             Temple (0/1) D:7         Ossuary (visited)

Altars:
Ashenzari
Makhleb
Ru
Trog
Zin

Annotations:
D:2 Sigmund
D:3 1 exclusion
D:7 Maggie


Innate Abilities, Weirdness & Mutations

You have very sharp teeth.
Your uncanny sense of smell can sniff out nearby items.
Your experience applies equally to all skills.


Message History

Aim: Maggie, wielding a +1 halberd of draining and wearing +0 swamp dragon scales (heavily wounded, mesmerising, poisoned, about 29% to evade your +2 spear of venom)
You reach to attack!
You closely miss Maggie.
Maggie is heavily wounded.
Maggie hits you but does no damage.
You feel drained.
Reach: a) +2 spear (venom)
Press: ? - help, Dir - move target, f/p - Maggie
Aim: Maggie, wielding a +1 halberd of draining and wearing +0 swamp dragon scales (heavily wounded, mesmerising, poisoned, about 29% to evade your +2 spear of venom)
You reach to attack!
You hit Maggie but do no damage.
Maggie looks even sicker.
Maggie is heavily wounded.
Maggie hits you from afar with a +1 halberd of draining!
You feel drained.
* * * LOW HITPOINT WARNING * * *
Reach: a) +2 spear (venom)
Press: ? - help, Dir - move target, f/p - Maggie
Aim: Maggie, wielding a +1 halberd of draining and wearing +0 swamp dragon scales (heavily wounded, mesmerising, very poisoned, about 29% to evade your +2 spear of venom)
You reach to attack!
You puncture Maggie!
Maggie is severely wounded.
Maggie casts a spell at you. The bolt of fire hits you!
* * * LOW HITPOINT WARNING * * *
Okay, then.
Unknown command.
Really read the scroll of poison?
The air fills with toxic fumes!
As you read the scroll of poison, it crumbles to dust.
Maggie closely misses you.
Reach: a) +2 spear (venom)
Press: ? - help, Dir - move target, f/p - Maggie
Aim: Maggie, wielding a +1 halberd of draining and wearing +0 swamp dragon scales (severely wounded, mesmerising, very poisoned, about 29% to evade your +2 spear of venom)
You reach to attack!
You hit Maggie but do no damage.
Maggie is severely wounded.
Reach: a) +2 spear (venom)
Press: ? - help, Dir - move target, f/p - Maggie
Aim: Maggie, wielding a +1 halberd of draining and wearing +0 swamp dragon scales (severely wounded, mesmerising, very poisoned, about 29% to evade your +2 spear of venom)
You reach to attack!
You hit Maggie.
Maggie is severely wounded.
Maggie casts a spell at you. The bolt of fire hits you!!
Ouch! That really hurt!
You die...

* * * ## ,* , , #§ >
#§* * , ##§## * #=@§#
#/#§# ,* #,#@#### #. *
, #§§§§# , #.#
*,#######§# ###.##
..#....# , ....#
#.#.#### #..#####.#.#
,, #.)##.##...#
*#####....#.....#######
,
#....................#


You could see Maggie (mesmerising, very poisoned).

Vanquished Creatures
  Pikel (D:5)
  Grinder (D:5)
  Duvessa (D:5)
  2 black bears (D:6)
  3 ogres (D:6)
  4 lemures (D:5)
  A phantom (D:4)
  Blork the orc (D:4)
  A gnoll sergeant (D:5)
  2 scorpions (D:6)
  4 wights
  Dowan (D:5)
  4 jellies
  3 iron imps (D:5)
  4 orc priests
  2 hounds
  5 iguanas
  5 orc wizards
  Natasha (twice) (D:2)
  12 mummies (Ossuary)
  11 gnolls
  7 adders
  2 shadow imps
  An ufetubus (D:5)
  4 worms
  A dart slug (D:5)
  14 orcs
  9 endoplasms
  4 giant cockroaches
  7 goblins
  8 hobgoblins
  4 jackals (D:4)
  5 quokkas
  7 ball pythons
  4 bats (D:1)
  4 frilled lizards
  2 goblin skeletons (Ossuary)
  4 kobolds
  3 kobold skeletons (Ossuary)
  3 orc skeletons (Ossuary)
  9 rats
  11 rat skeletons (Ossuary)
183 creatures vanquished.

Vanquished Creatures (others)
  3 fungi (D:2)
  2 plants (D:2)
5 creatures vanquished.

Grand Total: 188 creatures vanquished

Notes
Turn   | Place    | Note
-------+----------+-------------------------------------------
     0 | D:1      | wilfster70 the Gnoll Wanderer began the quest for the Orb.
     0 | D:1      | wilfster70 set off with the following items: a +0 short
                  | sword, a wand of mindburst (7), a +0 scale mail, a potion
                  | of haste.
     0 | D:1      | Reached XP level 1. HP: 17/17 MP: 1/1
   338 | D:1      | Reached XP level 2. HP: 22/23 MP: 2/2
  1101 | D:2      | Reached XP level 3. HP: 10/28 MP: 3/3
  1467 | D:2      | Noticed Natasha
  1476 | D:2      | Killed Natasha
  1477 | D:2      | Reached skill level 1 in Long Blades
  1477 | D:2      | Reached skill level 1 in Axes
  1477 | D:2      | Reached skill level 1 in Maces & Flails
  1477 | D:2      | Reached skill level 1 in Polearms
  1477 | D:2      | Reached skill level 1 in Staves
  1477 | D:2      | Reached skill level 1 in Ranged Weapons
  1477 | D:2      | Reached skill level 1 in Throwing
  1477 | D:2      | Reached skill level 1 in Stealth
  1477 | D:2      | Reached skill level 1 in Shields
  1477 | D:2      | Reached skill level 1 in Unarmed Combat
  1477 | D:2      | Reached skill level 1 in Spellcasting
  1477 | D:2      | Reached skill level 1 in Invocations
  1493 | D:2      | Reached XP level 4. HP: 23/34 MP: 5/5
  1696 | D:2      | Found a faded altar of an unknown god.
  1720 | D:2      | Noticed Sigmund
  1849 | D:2      | Noticed Natasha
  1874 | D:2      | Killed Natasha
  1875 | D:2      | Reached skill level 1 in Conjurations
  1875 | D:2      | Reached skill level 1 in Hexes
  1875 | D:2      | Reached skill level 1 in Summonings
  1875 | D:2      | Reached skill level 1 in Necromancy
  1875 | D:2      | Reached skill level 1 in Translocations
  1875 | D:2      | Reached skill level 1 in Transmutations
  1875 | D:2      | Reached skill level 1 in Fire Magic
  1875 | D:2      | Reached skill level 1 in Ice Magic
  1875 | D:2      | Reached skill level 1 in Air Magic
  1875 | D:2      | Reached skill level 1 in Earth Magic
  1875 | D:2      | Reached skill level 1 in Poison Magic
  2361 | D:2      | Got Plato's Precepts of Rallying
  3002 | D:3      | Reached XP level 5. HP: 40/40 MP: 7/7
  3056 | D:3      | Found a broken altar of Ashenzari.
  3174 | D:3      | Became a worshipper of Ashenzari the Shackled
  3312 | D:3      | Noticed a moth of wrath
  3315 | D:3      | Found a bloodstained altar of Trog.
  4025 | D:4      | Found a sacrificial altar of Ru.
  4176 | D:4      | Reached XP level 6. HP: 34/47 MP: 8/8
  4556 | D:4      | Reached skill level 5 in Short Blades
  4556 | D:4      | Reached skill level 5 in Armour
  5710 | D:5      | Entered Level 5 of the Dungeon
  6028 | D:4      | Reached XP level 7. HP: 48/52 MP: 10/10
  6041 | D:5      | Noticed Duvessa
  6057 | D:5      | Killed Duvessa
  6057 | D:5      | Noticed Dowan
  6072 | D:5      | Killed Dowan
  6081 | D:5      | Reached skill level 9 in Evocations
  6114 | D:5      | Found a sand-covered staircase.
  6119 | Ossuary  | Entered an ossuary
  7250 | D:5      | Noticed Grinder
  7265 | D:5      | Paralysed by Grinder for 4 turns
  7273 | D:5      | Killed Grinder
  7274 | D:5      | Reached XP level 8. HP: 24/60 MP: 12/12
  7321 | D:5      | Noticed Blork the orc
  7749 | D:4      | Killed Blork the orc
  8015 | D:5      | Reached * piety under Ashenzari
  8128 | D:5      | Found a burning altar of Makhleb.
  8348 | D:5      | Noticed Pikel
  8435 | D:5      | Killed Pikel
  8436 | D:5      | Reached XP level 9. HP: 51/67 MP: 13/15
  8642 | D:5      | Found a glowing silver altar of Zin.
  9187 | D:6      | Reached skill level 5 in Fighting
  9187 | D:6      | Reached skill level 5 in Dodging
  9480 | D:6      | Reached ** piety under Ashenzari
  9870 | D:5      | Reached skill level 5 in Invocations
 11263 | D:7      | Found a staircase to the Ecumenical Temple.
 11292 | D:7      | Noticed Maggie
 11316 | D:7      | Killed from afar by Maggie

Illustrated notes

Levels and vault maps discovered:
D:1:      dpeg_arrival_tiny_f, layout_rooms, minmay_misc_feat_doors
D:2:      layout_basic, shapermc_ecumenical_altar_rom_forum, uniq_sigmund,
          uniq_natasha
D:3:      layout_loops_ring, mainiacjoe_overflow_alcove_4, tgw_trog
D:4:      layout_basic, lemuel_doored_altar
D:5:      layout_basic, demons_altar, marbit_many_paths,
          nicolae_ossuary_entry_plus, uniq_pikel, uniq_duvessa,
          uniq_blork_the_orc, uniq_grinder
D:6:      black_bear_nest_2, layout_loops_ring
D:7:      layout_loops_ring, lemuel_tele_altar, temple_pool_b, uniq_menkaure,
          uniq_maggie

Skill      XL: |  1  2  3  4  5  6  7  8  9 |
---------------+----------------------------+-----
Long Blades    | 1 2 3 4 |  4.7
Axes           | 1 2 3 4 |  4.7
Maces & Flails | 1 2 3 4 |  4.7
Polearms       | 1 2 3 4 |  4.7
Staves         | 1 2 3 4 |  4.7
Ranged Weapons | 1 2 3 4 |  4.7
Throwing       | 1 2 3 4 |  4.7
Stealth        | 1 2 3 4 |  4.7
Shields        | 1 2 3 4 |  4.7
Unarmed Combat | 1 2 3 4 |  4.7
Spellcasting   | 1 2 3 4 |  4.7
Invocations    | 1 2 3 4 5 |  5.2
Conjurations   | 1 2 3 |  3.9
Hexes          | 1 2 3 |  3.9
Summonings     | 1 2 3 |  3.9
Necromancy     | 1 2 3 |  3.9
Translocations | 1 2 3 |  3.9
Transmutations | 1 2 3 |  3.9
Fire Magic     | 1 2 3 |  3.9
Ice Magic      | 1 2 3 |  3.9
Air Magic      | 1 2 3 |  3.9
Earth Magic    | 1 2 3 |  3.9
Poison Magic   | 1 2 3 |  3.9
Fighting       | 3 4 5 |  5.5
Dodging        | 3 4 5 |  5.5
Short Blades   | 5 6 |  6.7
Armour         | 5 6 |  6.7
Evocations     | 9 |  9.8

Action                   |  1- 3 |  4- 6 |  7- 9 || total
-------------------------+-------+-------+-------++-------
Melee: Short sword       |   161 |    71 |       ||   232
       Bite              |    19 |    22 |    66 ||   107
       Punch             |     2 |     8 |    21 ||    31
       Dagger            |       |    90 |       ||    90
       Spear             |       |    66 |   576 ||   642
 Fire: Sling             |       |    35 |       ||    35
Invok: Curse Item        |       |     1 |     2 ||     3
Evoke: Wand              |       |       |     2 ||     2
  Use: Scroll            |     5 |     4 |     8 ||    17
       Potion            |       |     2 |       ||     2
 Stab: Sleeping          |       |       |     4 ||     4
Armor: Scale mail        |    63 |   111 |   143 ||   317
Dodge: Dodged            |    61 |    97 |   178 ||   336

Table legend: (Time is in decaauts)
 A = Elapsed time spent in this place.
 B = Non-inter-level travel time spent in this place.
 C = Inter-level travel time spent in this place.
 D = Time resting spent in this place.
 E = Time spent auto-exploring this place.
 F = Levels seen in this place.
 G = Mean time per level.
                   A        B        C        D        E       F      G
               +--------+--------+--------+--------+--------+-----+--------+
         Total |  11247 |  11107 |    140 |   4729 |   3300 |   8 | 1405.9 |
       Dungeon |  10200 |  10060 |    140 |   4187 |   3206 |   7 | 1457.1 |
       Ossuary |   1047 |   1047 |      0 |    542 |     94 |   1 | 1047.0 |
               +--------+--------+--------+--------+--------+-----+--------+

Top non-repeatable levels by time:
     D:3: 2055 daAuts
     D:4: 1687 daAuts
     D:6: 1644 daAuts
     D:5: 1603 daAuts
     D:2: 1425 daAuts
     D:1: 1201 daAuts
 Ossuary: 1047 daAuts
     D:7: 581 daAuts
